 Dungeon Crawl Stone Soup version 0.18.1-50-g88ac8fd (webtiles) character file.

24478 Monsterracer the Magus (level 13, 0/84 HPs)
             Began as a Kobold Artificer on Aug 21, 2017.
             Was an Elder of Nemelex Xobeh.
             Slain by Rupert
             ... wielding a +4 great mace of distortion
              (10 damage)
             ... on level 3 of the Lair of Beasts.
             The game lasted 00:58:50 (21651 turns).

Monsterracer the Magus (Kobold Artificer)          Turns: 21651, Time: 00:58:51

Health: 0/84       AC: 16    Str: 15    XL:     13   Next: 43%
Magic:  20/20      EV: 31    Int: 10    God:    Nemelex Xobeh [****..]
Gold:   261        SH: 10    Dex: 27    Spells: 1 memorised, 10 levels left

rFire  . . .     SeeInvis .     a - +5 quick blade (pierce)
rCold  + . .     Gourm    .     e - +3 leather armour {rC+}
rNeg   . . .     Faith    .     Q - +2 buckler
rPois  .         Spirit   .     v - +0 helmet
rElec  .         Dismiss  .     M - +0 cloak of Beogh's Anger {MR+}
rCorr  +         Reflect  .     L - +0 pair of gloves
SustAt .         Harm     .     h - +1 pair of boots
MR     +....                    (no amulet)
Stlth  ++++++++..               y - +3 ring of dexterity
                                z - ring of resist corrosion

@: mighty, agile, magic armour, shielded, somewhat resistant to hostile
enchantments, extraordinarily stealthy
A: talons 2, camouflage 1, carnivore 3, clumsy 1, low mp 1, screaming 1, shaggy
fur 1
a: Triple Draw, Deal Four, Renounce Religion


You were on level 3 of the Lair of Beasts.
You worshipped Nemelex Xobeh.
Nemelex Xobeh was greatly pleased with you.
You were completely stuffed.

You visited 3 branches of the dungeon, and saw 15 of its levels.
You also visited: Sewer, Ice Cave and Volcano.

You collected 1021 gold pieces.
You spent 760 gold pieces at shops.

Inventory:

Hand Weapons
 a - a +5 quick blade of piercing (weapon)
 b - a +3 scimitar of flaming
Missiles
 o - 521 stones (quivered)
Armour
 e - a +3 leather armour of cold resistance (worn)
 h - a +1 pair of boots (worn)
 v - a +0 helmet (worn)
 L - a +0 pair of gloves (worn)
 M - the +0 cloak of Beogh's Anger (worn) {MR+}
   (You bought it in a shop on level 9 of the Dungeon)

   It affects your resistance to hostile enchantments.
 Q - a +2 buckler (worn)
Jewellery
 m - an uncursed ring of positive energy
 y - a +3 ring of dexterity (right hand)
 z - a ring of resist corrosion (left hand)
Wands
 d - a wand of enslavement (1/24)
 g - a wand of disintegration (11/24)
 i - a wand of paralysis (9/24)
 l - a wand of paralysis (7/24)
 t - a wand of lightning (1/15)
 u - a wand of lightning (7/15)
 C - a wand of confusion (28/48)
 D - a wand of confusion (20/48)
 F - a wand of iceblast (1/15)
 T - a wand of iceblast (7/15)
 Z - a wand of iceblast (7/15)
Scrolls
 k - a scroll of amnesia
 H - a scroll of magic mapping
 P - a scroll of fear
 U - 5 scrolls of teleportation
 V - 5 scrolls of remove curse
Potions
 j - 2 potions of agility
 p - a potion of cure mutation
 s - 3 potions of heal wounds
 w - 2 potions of magic
 B - 3 potions of haste
 E - 3 potions of might
 G - 2 potions of cancellation
 K - 2 potions of resistance
 W - a potion of berserk rage
 X - a potion of invisibility
Miscellaneous
 q - a plain deck of war
 I - a plain deck of war {drawn: 8}
 J - a plain deck of war
 N - an ornate deck of escape {drawn: 1}
 O - a plain deck of escape
 R - an ornate deck of escape
 S - a legendary deck of escape
 Y - a legendary deck of destruction
Comestibles
 c - 11 royal jellies
 f - 5 meat rations
 r - 3 beef jerkies
 A - a slice of pizza


   Skills:
 * Level 10.9 Fighting
 - Level 10.8 Short Blades
 + Level 4.2 Armour
 + Level 9.7 Dodging
 + Level 11.7 Stealth
 + Level 5.0 Shields
 * Level 13.0 Evocations


You had 10 spell levels left.
You knew the following spells:

 Your Spells              Type           Power        Failure   Level  Hunger
a - Passwall              Trmt/Erth      #.........   75%         2    ###....


Dungeon Overview and Level Annotations

Branches:
Dungeon (11/15)            Temple (1/1) D:6            Lair (3/8) D:11
    Orc (0/2) D:9
  Swamp: Lair:3-6    Shoals: Lair:3-6     Snake: Lair:3-6    Spider: Lair:3-6

Altars:
Ashenzari
Cheibriados
Dithmenos
Elyvilon
Gozag
Kikubaaqudgha
Makhleb
Nemelex Xobeh
Okawaru
Pakellas
Qazlal
Ru
Sif Muna
Trog
Vehumet
Yredelemnul
Zin
The Shining One

Shops:
D:4 *   D:7 !   D:8 =[   D:9 [(   D:11 [(*:

Annotations:
Lair:3 Rupert


Innate Abilities, Weirdness & Mutations

You are small and have problems with some larger weapons.
You are carnivorous and can eat meat at any time.
You have razor-sharp toenails.
Your skin changes colour to match your surroundings (Stealth).
You are clumsy. (Dex -2)
Your magical capacity is low (-10% MP).
You occasionally shout uncontrollably at your foes.
You are covered in fur (AC +1).


Message History

* * * LOW HITPOINT WARNING * * *
Space warps horribly around you!
* * * LOW HITPOINT WARNING * * *
Rupert hits you but does no damage. Space bends around you.
* * * LOW HITPOINT WARNING * * *
The crocodile completely misses you.
Huge Dmg: -9%(-7hp) hp: 12%(10hp)
You hit Rupert.
Rupert is heavily wounded.
You puncture Rupert!
Rupert is heavily wounded.
Evoke which item? (* to show all) (? for menu, Esc to quit)
You draw a card...
It is the Banshee.
Rupert is drained!
The crocodile is drained!
Rupert resists with some effort.
The crocodile looks frightened!
Rupert completely misses you.
You barely miss Rupert.
Rupert is severely wounded.
Rupert hits you with a great mace of distortion!
You die...
Your body glows slightly and disappears.

...#..###.....##.....P
......#.......##.....[
......##......##
.....#P.......#
#P..#.......#..
#....#.P....# .
#.#...#.P...#.#
..####...†PP......
......@@..........
..................
.....t............
..................
####....#.#.+....#
#.....##..#.##. #.....
..... ##.>.# ...


You could see Rupert (berserk) and a crocodile (fleeing).

Vanquished Creatures
  Erolcha (D:9)
  Erica (D:8)
  Nergalle (Lair:3)
  A hill giant (D:9)
  2 cyclopes (D:11)
  Pikel (D:3)
  A necromancer (IceCv)
  Joseph (D:8)
  A black mamba (Lair:2)
  The ghost of magog001 the Skirmisher, a novice MiFi (D:6)
  2 molten gargoyles (Volcano)
  6 freezing wraiths (IceCv)
  4 spiny frogs
  5 komodo dragons
  An efreet (Volcano)
  2 trolls
  The ghost of magog001 the Covert, a novice SpAs of Nemelex Xobeh (D:5)
  Grinder (D:5)
  A wolf spider simulacrum (IceCv)
  A queen bee (D:9)
  A two-headed ogre (D:9)
  Sigmund (D:6)
  14 yaks
  2 wyverns
  A shadow (D:11)
  A vampire (D:11)
  A fire elemental (Volcano)
  The ghost of magog001 the Covered, an amateur MiFi (D:3)
  A fire bat (Volcano)
  3 hungry ghosts
  3 basilisks
  A death yak simulacrum (IceCv)
  2 hippogriffs
  Eustachio (D:4)
  Menkaure (D:5)
  A mottled dragon (D:11)
  4 water moccasins
  3 porcupines
  5 orc warriors
  Duvessa (D:5)
  3 sky beasts
  A wasp (D:10)
  2 black bears
  7 ice beasts
  2 phantoms
  2 ogres
  3 wolves (Lair:2)
  6 crocodiles
  3 centaurs
  A big kobold (D:11)
  Blork the orc (D:3)
  7 giant frogs
  Dowan (D:5)
  2 earth elementals (Volcano)
  4 scorpions
  2 elephant simulacra (IceCv)
  14 killer bees
  6 howler monkeys
  14 wights
  2 crimson imps
  A centaur zombie (D:10)
  3 lava snakes (Volcano)
  2 giant frog zombies (D:11)
  8 hounds
  2 giant frog skeletons (D:5)
  An orc priest (D:5)
  A centaur skeleton (D:4)
  7 iguanas
  Ijyb (D:2)
  5 orc wizards
  3 troll simulacra (IceCv)
  9 worker ants
  A centaur simulacrum (IceCv)
  2 hound zombies
  Robin (D:3)
  13 adders
  A naga simulacrum (IceCv)
  An ogre simulacrum (IceCv)
  9 river rats (Lair:2)
  2 shadow imps
  20 white imps
  An adder zombie (D:8)
  3 adder skeletons
  3 worms
  2 dart slugs (D:1)
  10 giant geckos
  31 orcs
  7 bats
  12 giant cockroaches
  16 goblins
  16 hobgoblins
  19 jackals
  8 kobolds
  4 quokkas
  2 ball pythons
  6 giant newts
  2 jackal skeletons
  A quokka skeleton (D:9)
  4 rats
  A spectral orc (D:6)
407 creatures vanquished.

Vanquished Creatures (collateral kills)
  2 toenail golems (Volcano)
  A freezing wraith (IceCv)
  A two-headed ogre (D:9)
  An ogre (D:9)
  2 draconian simulacra (IceCv)
  A spriggan simulacrum (IceCv)
  A white imp (IceCv)
9 creatures vanquished.

Vanquished Creatures (others)
  A freezing wraith (IceCv)
  An adder (D:4)
  A jackal skeleton (D:4)
  A bush (Lair:2)
4 creatures vanquished.

Grand Total: 420 creatures vanquished

Notes
Turn   | Place    | Note
--------------------------------------------------------------
     0 | D:1      | Monsterracer the Kobold Artificer began the quest for the Orb.
     0 | D:1      | Reached XP level 1. HP: 12/12 MP: 3/3
   259 | D:1      | Reached XP level 2. HP: 12/16 MP: 4/4
   266 | D:1      | HP: 8/16 [goblin/dagger (3)]
   286 | D:1      | HP: 5/16 [jackal (3)]
   536 | D:1      | HP: 7/16 [hobgoblin (5)]
   716 | D:1      | Reached XP level 3. HP: 20/20 MP: 5/5
  1581 | D:2      | Reached XP level 4. HP: 21/26 MP: 6/6
  1797 | D:2      | Reached skill level 4 in Evocations
  1936 | D:2      | Noticed Ijyb
  1939 | D:2      | Paralysed by Ijyb for 2 turns
  1951 | D:2      | Killed Ijyb
  2386 | D:2      | HP: 12/26 [adder (5)]
  2391 | D:2      | Reached XP level 5. HP: 12/30 MP: 8/8
  2391 | D:2      | HP: 11/30 [poisoned by an adder]
  2398 | D:2      | HP: 10/30 [poisoned by an adder]
  2406 | D:2      | HP: 8/30 [poisoned by an adder]
  2640 | D:2      | Found an opulent altar of Gozag.
  3284 | D:3      | Noticed magog001's ghost (amateur MiFi)
  3311 | D:3      | Killed magog001's ghost
  3311 | D:3      | Reached XP level 6. HP: 24/36 MP: 9/9
  3327 | D:3      | HP: 16/36 [orc/flail (4)]
  3826 | D:4      | Noticed Robin
  3912 | D:3      | Killed Robin
  4140 | D:4      | Noticed Eustachio
  4598 | D:4      | HP: 18/36 [crimson imp[Eustachio] (1)]
  4615 | D:4      | Noticed Blork the orc
  4617 | D:4      | HP: 15/36 [Blork the orc/magic dart (6)]
  4624 | D:3      | HP: 11/36 [Blork the orc/long sword of holy wrath (5)]
  4628 | D:3      | Killed Blork the orc
  4628 | D:3      | Reached skill level 5 in Short Blades
  4628 | D:3      | Reached skill level 5 in Evocations
  4628 | D:3      | Reached XP level 7. HP: 13/41 MP: 10/10
  5017 | D:4      | HP: 19/41 [quokka[Eustachio] (2)]
  5204 | D:4      | HP: 20/41 [ufetubus[Eustachio] (1)]
  5213 | D:4      | Killed Eustachio
  5523 | D:4      | Noticed Pikel
  5875 | D:3      | Killed Pikel
  5875 | D:3      | Reached skill level 5 in Dodging
  5875 | D:3      | Reached skill level 5 in Stealth
  5875 | D:3      | Reached XP level 8. HP: 41/48 MP: 10/12
  5972 | D:4      | Found Orukeh's Assorted Antiques.
  6010 | D:4      | Bought a fizzy pink potion for 16 gold pieces
  6010 | D:4      | Bought a scroll labeled CIXZYSHRUAM for 18 gold pieces
  6548 | D:5      | Entered Level 5 of the Dungeon
  6576 | D:5      | Noticed Menkaure
  6586 | D:5      | Killed Menkaure
  6586 | D:5      | Reached skill level 6 in Evocations
  6692 | D:5      | Noticed Duvessa
  6692 | D:5      | Noticed Dowan
  6692 | D:5      | Noticed magog001's ghost (novice SpAs)
  6885 | D:5      | Killed Duvessa
  7001 | D:5      | Killed magog001's ghost
  7001 | D:5      | Reached XP level 9. HP: 43/52 MP: 13/13
  7022 | D:5      | Killed Dowan
  7335 | D:5      | Noticed Grinder
  7357 | D:5      | Reached skill level 5 in Fighting
  7364 | D:5      | HP: 38/81 [orc priest/divine providence (11)]
  7379 | D:5      | HP: 36/81 [hound (3)]
  7389 | D:5      | Killed Grinder
  7389 | D:5      | Reached skill level 7 in Evocations
  7402 | D:5      | HP: 26/54 [crimson imp (2)]
  7935 | D:5      | Found a stormy altar of Qazlal.
  8072 | D:5      | Found a sacrificial altar of Ru.
  8268 | D:6      | Found a staircase to the Ecumenical Temple.
  8277 | D:6      | Noticed magog001's ghost (novice MiFi)
  8278 | Temple   | Entered the Ecumenical Temple
  8462 | Temple   | Became a worshipper of Nemelex Xobeh the Trickster
  8507 | D:6      | HP: 17/54 [magog001's ghost (14)]
  8509 | D:6      | Killed magog001's ghost
  8509 | D:6      | Reached XP level 10. HP: 19/60 MP: 15/15
  8609 | D:6      | Noticed Sigmund
  8612 | D:6      | Killed Sigmund
  8676 | D:6      | Reached skill level 10 in Short Blades
  8682 | D:6      | Received a gift from Nemelex Xobeh
  8728 | D:6      | Found a glowing drain.
  8737 | Sewer    | Entered a sewer
  8810 | Sewer    | Reached skill level 8 in Evocations
  9569 | D:6      | Found a basalt altar of Yredelemnul.
  9684 | D:7      | Reached * piety under Nemelex Xobeh
  9814 | D:7      | Found Widoycky's Distillery.
  9822 | D:7      | Bought a potion of might for 60 gold pieces
  9952 | D:7      | Reached skill level 1 in Shields
  9977 | D:7      | Found a bloodstained altar of Trog.
 10127 | D:7      | Gained mutation: You occasionally shout uncontrollably at your foes. [mutagenic meat]
 10129 | D:7      | Gained mutation: You are clumsy. (Dex -2) [mutagenic meat]
 10130 | D:7      | Gained mutation: You have sharp toenails. [potion of mutation]
 10130 | D:7      | Gained mutation: You have razor-sharp toenails. [potion of mutation]
 10131 | D:7      | Gained mutation: Your magical capacity is low (-10% MP). [potion of mutation]
 10131 | D:7      | Gained mutation: You are covered in fur (AC +1). [potion of mutation]
 10133 | D:7      | Gained mutation: Your skin changes colour to match your surroundings (Stealth). [mutagenic meat]
 10139 | D:8      | Noticed Erica
 10142 | D:8      | Found Ciner's Jewellery Emporium.
 10175 | D:8      | Killed Erica
 10175 | D:8      | Reached skill level 9 in Evocations
 10336 | D:8      | Received a gift from Nemelex Xobeh
 10347 | D:8      | Identified a scroll of acquirement
 10425 | D:8      | Found Utaner's Antique Armour Shop.
 10430 | D:8      | Bought a pair of gloves for 108 gold pieces
 10866 | D:8      | Noticed Joseph
 10873 | D:8      | Killed Joseph
 10873 | D:8      | Reached XP level 11. HP: 67/67 MP: 16/16
 11073 | D:9      | Reached ** piety under Nemelex Xobeh
 11073 | D:9      | Noticed Erolcha
 11077 | D:9      | Killed Erolcha
 11100 | D:9      | Found Ikistum's Armour Shoppe.
 11100 | D:9      | Found a staircase to the Orcish Mines.
 11129 | D:9      | Reached skill level 10 in Evocations
 11352 | D:9      | Found Karoizio's Weapon Shoppe.
 11410 | D:9      | Bought the +0 cloak of Beogh's Anger {MR+} for 222 gold pieces
 11507 | D:9      | Found an oddly glowing altar of Pakellas.
 11507 | D:9      | Received a gift from Nemelex Xobeh
 12055 | D:10     | Entered Level 10 of the Dungeon
 12296 | D:10     | HP: 33/68 [troll (9)]
 12306 | D:10     | HP: 23/68 [troll (5)]
 12313 | D:10     | Reached skill level 1 in Armour
 12763 | D:10     | Noticed a hill giant
 12786 | D:9      | Killed a hill giant
 13472 | D:9      | HP: 29/69 [queen bee (10)]
 13871 | D:10     | HP: 33/69 [poisoned by a killer bee]
 13877 | D:9      | HP: 19/69 [poisoned by a killer bee]
 14261 | D:10     | Reached *** piety under Nemelex Xobeh
 14303 | D:10     | Received a gift from Nemelex Xobeh
 14367 | D:11     | Found Joatyg's Assorted Antiques.
 14377 | D:11     | Bought a scroll labeled SAVEV OSHRA for 30 gold pieces
 14381 | D:11     | Found Seygh's Book Shop.
 14416 | D:11     | Reached skill level 10 in Stealth
 14603 | D:11     | Found a frozen archway.
 14636 | IceCv    | Entered an ice cave
 14640 | IceCv    | Reached skill level 11 in Evocations
 14643 | IceCv    | Reached XP level 12. HP: 75/75 MP: 18/18
 15047 | IceCv    | HP: 36/75 [freezing wraith (7)]
 15474 | IceCv    | HP: 36/76 [freezing wraith (4)]
 15485 | IceCv    | HP: 35/76 [freezing wraith (2)]
 15801 | IceCv    | HP: 32/76 [freezing wraith (12)]
 16163 | IceCv    | HP: 32/76 [freezing wraith (8)]
 16176 | IceCv    | HP: 32/76 [freezing wraith (1)]
 16302 | IceCv    | HP: 38/76 [troll simulacrum (3)]
 16334 | IceCv    | HP: 38/76 [white imp/puff of frost (5)]
 16428 | IceCv    | Noticed magog001's ghost (journeyman MiFi)
 16457 | IceCv    | HP: 38/76 [poisoned by magog001's ghost]
 16463 | IceCv    | HP: 36/76 [poisoned by magog001's ghost]
 16468 | IceCv    | HP: 34/76 [poisoned by magog001's ghost]
 16474 | IceCv    | HP: 33/76 [poisoned by magog001's ghost]
 16485 | IceCv    | HP: 26/76 [magog001's ghost (8)]
 16489 | IceCv    | HP: 6/76 [magog001's ghost (18)]
 16491 | IceCv    | HP: 1/76 [poisoned by magog001's ghost]
 16515 | IceCv    | HP: 4/76 [magog001's ghost (11)]
 16517 | D:11     | HP: 1/76 [poisoned by magog001's ghost]
 17246 | D:11     | Found Caunnefu's Antique Armour Boutique.
 17272 | D:11     | Found Ivesu's Antique Weapon Shop.
 17331 | D:11     | HP: 29/76 [something (11)]
 17337 | D:11     | HP: 24/76 [something (5)]
 17343 | D:11     | HP: 10/76 [something (3)]
 17828 | D:11     | Received a gift from Nemelex Xobeh
 17902 | D:11     | Reached skill level 12 in Evocations
 18044 | D:11     | HP: 37/77 [burnt (3)]
 18049 | D:11     | HP: 31/77 [burnt (2)]
 18375 | D:11     | Found a staircase to the Lair.
 18491 | Lair:1   | Entered Level 1 of the Lair of Beasts
 18593 | Lair:1   | Received a gift from Nemelex Xobeh
 18713 | Lair:1   | Found a dark tunnel.
 18720 | Volcano  | Entered a volcano
 18904 | Volcano  | Reached **** piety under Nemelex Xobeh
 18996 | Volcano  | Found a bloodstained altar of Trog.
 19049 | Volcano  | Reached skill level 10 in Fighting
 19256 | Volcano  | Reached XP level 13. HP: 82/82 MP: 20/20
 19492 | D:11     | Bought a jewelled scale mail for 306 gold pieces
 19502 | D:11     | Identified the cursed +1 scale mail of the Moneychanger {Int+4 Dex+4} (You bought it in a shop on level 11 of the Dungeon)
 19821 | Lair:1   | Learned a level 2 spell: Passwall
 20076 | Lair:2   | Received a gift from Nemelex Xobeh
 20669 | Lair:2   | Received a gift from Nemelex Xobeh
 21349 | Lair:3   | Noticed Nergalle
 21356 | Lair:3   | Killed Nergalle
 21476 | Lair:3   | Reached skill level 13 in Evocations
 21588 | Lair:3   | Reached skill level 5 in Shields
 21608 | Lair:3   | Received a gift from Nemelex Xobeh
 21630 | Lair:3   | Noticed Rupert
 21644 | Lair:3   | HP: 34/84 [Rupert/great mace of distortion (18)]
 21647 | Lair:3   | HP: 14/84 [Rupert/great mace of distortion (14)]
 21651 | Lair:3   | Slain by Rupert

Skill      XL: |  1  2  3  4  5  6  7  8  9 10 11 12 13 |
---------------+----------------------------------------+-----
Short Blades   | 2 3 4 5 7 8 9 10 | 10.8
Stealth        | 2 3 5 7 8 10 11 | 11.7
Evocations     | 4 5 6 7 9 11 12 13 | 13.0
Dodging        | 3 4 5 6 7 8 9 |  9.7
Fighting       | 2 3 4 5 7 8 10 | 10.9
Shields        | 2 3 4 5 |  5.0
Armour         | 2 3 4 |  4.2

Action                   |  1- 3 |  4- 6 |  7- 9 | 10-12 | 13-15 || total
-------------------------+-------+-------+-------+-------+-------++-------
Melee: Short sword       |   139 |   260 |   310 |   228 |       ||   937
       Long sword        |       |       |    24 |       |       ||    24
       Quick blade       |       |       |       |  1995 |   325 ||  2320
       Scimitar          |       |       |       |       |     6 ||     6
Throw: Stone             |       |     2 |       |       |       ||     2
Invok: Triple Draw       |       |       |       |     1 |       ||     1
Evoke: Wand              |       |    26 |     9 |    22 |       ||    57
       Deck              |       |       |       |     8 |     5 ||    13
  Use: Scroll            |     2 |     7 |     8 |    16 |     6 ||    39
       Potion            |       |       |     4 |     5 |     2 ||    11
 Stab: Sleeping          |     3 |     7 |     3 |    45 |    13 ||    71
       Distracted        |     1 |       |       |     7 |     1 ||     9
       Paralysed         |       |       |     3 |     1 |       ||     4
       Invisible         |       |       |       |     3 |       ||     3
  Eat: Chunk             |    11 |     7 |    14 |    38 |    13 ||    83
       Pizza             |       |       |       |     2 |       ||     2
Armor: Leather armour    |    31 |    20 |    46 |   178 |    14 ||   289
       Ring mail         |       |    43 |    42 |       |       ||    85
       Skin              |       |       |    46 |       |       ||    46
Dodge: Dodged            |   111 |   251 |   290 |   811 |    94 ||  1557
Block: Buckler           |     5 |    12 |       |   322 |    42 ||   381
